 Dungeon Crawl Stone Soup version 0.26-b1-32-g5d43845318 (webtiles) character file.

Game seed: 8190055750297281078

18027 Borgoz the Fighter (level 12, -10/108 HPs)
             Began as a Ghoul Gladiator on Jan 13, 2021.
             Was a High Priest of Okawaru.
             Killed from afar by Jorgrun (29 damage)
             ... with a blast of rock fragments
             ... on level 12 of the Dungeon.
             The game lasted 00:14:38 (11402 turns).

Borgoz the Fighter (Ghoul Gladiator)               Turns: 11402, Time: 00:14:39

Health: -10/108    AC: 15    Str: 26    XL:     12   Next: 54%
Magic:  14/14      EV: 20    Int:  3    God:    Okawaru [*****.]
Gold:   490        SH:  0    Dex: 23    Spells: 11/11 levels left

rFire    . . .     SeeInvis .   s - +7 flail of Dithmenos's Regard {vamp, rPois Dex+4 Stlth+}
rCold    + + .     Faith    .   z - +2 buckler of Unreason {rPois rC+}
rNeg     + + +     Spirit   .   F - +2 steam dragon scales
rPois    ∞         Reflect  .   c - +0 helmet
rElec    .         Harm     .   x - +1 cloak {rPois}
rCorr    .         Rampage  .   H - +0 pair of gloves
Will     .....                  C - +0 pair of boots
Stlth    ++........             N - amulet of the acrobat
HPRegen  0.00/turn              k - +6 ring of strength
MPRegen  0.14/turn              R - +6 ring of dexterity

@: confused
A: claws 1, cold resistance 1, negative energy resistance 3, inhibited
regeneration, torment resistance, unbreathing
a: Renounce Religion, Heroism, Finesse


You were on level 12 of the Dungeon.
You worshipped Okawaru.
Okawaru was extremely pleased with you.
You visited 2 branches of the dungeon, and saw 13 of its levels.

You collected 562 gold pieces.
You spent 72 gold pieces at shops.

Inventory:

Hand Weapons
 a - a +0 flail
 o - a +4 great mace of protection
 s - the +7 flail of Dithmenos's Regard (weapon) {vamp, rPois Dex+4 Stlth+}
   (You found it on level 5 of the Dungeon)

   It inflicts no extra harm, but heals its wielder when it wounds a living foe.
   It affects your dexterity (+4).
   It protects you from poison.
   It makes you more stealthy.
Missiles
 d - a throwing net (quivered)
Armour
 c - a +0 helmet (worn)
 x - a +1 cloak of poison resistance (worn)
 z - the +2 buckler of Unreason (worn) {rPois rC+}
   (You found it on level 6 of the Dungeon)

   It protects you from cold.
   It protects you from poison.
 C - a +0 pair of boots (worn)
 F - +2 steam dragon scales (worn)
 H - a +0 pair of gloves (worn)
Jewellery
 j - an uncursed ring of stealth
 k - a +6 ring of strength (left hand)
 B - an uncursed ring of willpower
 D - an uncursed amulet of magic regeneration
 G - a +6 ring of strength
 K - an uncursed ring of positive energy
 N - an amulet of the acrobat (around neck)
 R - a +6 ring of dexterity (right hand)
Wands
 y - a wand of digging (3)
 L - a wand of random effects (8)
Scrolls
 e - 4 scrolls of teleportation {unknown}
 h - 5 scrolls of enchant weapon
 l - 6 scrolls of remove curse
 m - 4 scrolls of blinking
 q - 4 scrolls of fear
 r - 3 scrolls of magic mapping
 u - 4 scrolls of enchant armour {unknown}
 w - 2 scrolls of fog
 E - 2 scrolls of immolation {unknown}
Potions
 b - a potion of brilliance
 g - 8 potions of curing {unknown}
 i - 3 potions of lignification
 n - a potion of flight
 p - 2 potions of might
 t - a potion of berserk rage
 v - 3 potions of attraction {unknown}
 A - a potion of cancellation {unknown}
 I - 2 potions of resistance {unknown}
 J - 3 potions of degeneration {unknown}
 M - a potion of haste
 O - a potion of mutation
 P - a potion of magic


   Skills:
 * Level 10.6 Fighting
 * Level 9.2 Maces & Flails
 - Level 1.7 Throwing
 * Level 8.7 Armour
 * Level 9.2 Dodging
 - Level 3.0 Stealth
 - Level 5.0 Invocations
 - Level 2.2 Evocations


You had 11 spell levels left.
You didn't know any spells.
Your spell library contained the following spells:

 Spells                   Type           Power        Failure   Level
 Animate Skeleton         Necr           0%           71%         1
 Magic Dart               Conj           0%           71%         1
 Pain                     Necr           0%           71%         1
 Shock                    Conj/Air       0%           71%         1
 Searing Ray              Conj           0%           83%         2
 Swiftness                Air            0%           83%         2
 Dazzling Flash           Conj/Hex       0%           97%         3
 Static Discharge         Conj/Air       0%           97%         3
 Vampiric Draining        Necr           0%           97%         3
 Airstrike                Air            0%           100%        4
 Animate Dead             Necr           0%           100%        4
 Fulminant Prism          Conj/Hex       0%           100%        4
 Iskenderun's Mystic Bla  Conj/Tloc      0%           100%        4
 Agony                    Necr           0%           100%        5
 Lightning Bolt           Conj/Air       0%           100%        5
 Beastly Appendage        Tmut           Unusable     N/A         1
 Wereblood                Tmut           Unusable     N/A         2
 Spider Form              Tmut/Pois      Unusable     N/A         3
 Ice Form                 Ice/Tmut       Unusable     N/A         4
 Blade Hands              Tmut           Unusable     N/A         5

Dungeon Overview and Level Annotations

Branches:
Dungeon (12/15)            Temple (1/1) D:5            Lair (0/6) D:9
    Orc: D:9-12

Altars:
Ashenzari
Cheibriados
Dithmenos
Elyvilon
Fedhas
Gozag
Hepliaklqana
Kikubaaqudgha
Makhleb
Nemelex Xobeh
Okawaru
Qazlal
Ru
Sif Muna
Trog
Uskayaw
Vehumet
Wu Jian
Xom
Yredelemnul
Zin
The Shining One

Shops:
D:8 ?   D:9 :}=!(

Annotations:
D:7 3 runed translucent doors, Borgoz's ghost, amateur GrGl; barnardine's ghost, amateur OgBe
D:12 Jorgrun


Innate Abilities, Weirdness & Mutations

You thrive by killing the living.
You are immune to poison.
You have sharp fingernails.
Your flesh is cold resistant. (rC+)
You are immune to negative energy. (rN+++)
You do not regenerate when monsters are visible.
You are immune to unholy pain and torment.
You can survive without breathing.


Message History

Jorgrun hits you with a +0 vorpal quarterstaff!
* * * LOW HITPOINT WARNING * * *
x2 The grasping roots constrict you.
Jorgrun says, "May tha earth consume ye!"
Jorgrun gestures at you while chanting.
You struggle to resist.
* * * LOW HITPOINT WARNING * * *
The grasping roots constrict you.
Jorgrun hits you with a +0 vorpal quarterstaff.
* * * LOW HITPOINT WARNING * * *
x2 The grasping roots constrict you!
The grasping roots release their grip on you.
Jorgrun barely misses you. Jorgrun hits you but does no damage.
You turn to flesh and can move again.
You are confused.
You feel invigorated. Jorgrun casts a spell at you.
The wall shatters!
The blast of rock fragments hits you!!
You die...

.......###############
..............#.......
..................#...
#######.....#...>.#...
#.....#.<...#...
#.....#.....#...
#.....#######...
########.##+#.....##...
#....g@.....+.....'....
#...........#.....#....
#.......#..##.....###..
#.).....#..#####.÷..#..
#.......+......'....#..
#.......#......#....#..
#.......######.#....###
########. #.###....# #.
#....#


You could see Jorgrun.

Vanquished Creatures
  A hydra (D:11)
  A centaur warrior (D:12)
  A boulder beetle (D:11)
  An ugly thing (D:11)
  A cyclops (D:11)
  A manticore (D:11)
  Maggie (D:6)
  A gargoyle (D:10)
  A komodo dragon (D:9)
  3 trolls
  Grinder (D:4)
  A queen bee (D:11)
  Sigmund (D:6)
  An acid dragon (D:12)
  2 water moccasins
  3 ice beasts
  3 sky beasts
  2 phantoms
  4 orc warriors
  5 ogres
  3 necrophages
  7 centaurs
  6 bullfrogs
  4 scorpions
  12 killer bees
  5 wights (D:11)
  An electric eel (D:11)
  3 bullfrog zombies
  2 quasits
  7 hounds
  A jelly (D:9)
  Crazy Yiuf (D:3)
  A centaur skeleton (D:8)
  6 orc priests
  4 orc wizards
  A bullfrog skeleton (D:6)
  3 iguanas
  Ijyb (D:3)
  2 worker ants
  A killer bee zombie (D:7)
  3 hound zombies
  3 worker ant zombies
  11 adders
  2 shadow imps
  A white imp (D:7)
  An ooze (D:6)
  3 adder zombies
  6 adder skeletons
  7 worms
  7 leopard geckos
  43 orcs
  8 giant cockroaches
  8 goblins
  10 hobgoblins
  8 jackals
  4 quokkas
  3 ball pythons
  7 bats
  3 frilled lizards
  A giant cockroach zombie (D:4)
  6 kobolds
  A quokka skeleton (D:5)
  7 rats
259 creatures vanquished.

Vanquished Creatures (others)
  An orc (D:11)
  7 plants (D:9)
8 creatures vanquished.

Grand Total: 267 creatures vanquished

Notes
Turn   | Place    | Note
-------+----------+-------------------------------------------
     0 | D:1      | Borgoz the Ghoul Gladiator began the quest for the Orb.
     0 | D:1      | Reached XP level 1. HP: 17/17 MP: 0/0
   208 | D:1      | Reached XP level 2. HP: 25/25 MP: 1/1
   991 | D:2      | Found a shadowy altar of Dithmenos.
  1149 | D:2      | Found a sparkling altar of Nemelex Xobeh.
  1149 | D:2      | Found a bloodstained altar of Trog.
  1269 | D:2      | Reached XP level 3. HP: 30/30 MP: 2/2
  1301 | D:2      | Reached skill level 1 in Armour
  1740 | D:2      | Found a broken altar of Ashenzari.
  2130 | D:3      | Reached skill level 3 in Fighting
  2130 | D:3      | Reached XP level 4. HP: 32/38 MP: 3/3
  2161 | D:3      | Found a sacrificial altar of Ru.
  2246 | D:3      | Reached XP level 5. HP: 38/45 MP: 4/4
  2596 | D:3      | Found a runed translucent door.
  2597 | D:3      | Noticed Crazy Yiuf
  2606 | D:3      | Killed Crazy Yiuf
  2951 | D:3      | Found a faded altar of an unknown god.
  3456 | D:3      | Noticed Ijyb
  3475 | D:3      | Killed Ijyb
  3476 | D:3      | Reached XP level 6. HP: 37/52 MP: 5/5
  3907 | D:4      | Found a hide-covered altar of Uskayaw.
  3970 | D:4      | Found an opulent altar of Gozag.
  3970 | D:4      | Found a stormy altar of Qazlal.
  3970 | D:4      | Found a burning altar of Makhleb.
  4077 | D:4      | Found a white marble altar of Elyvilon.
  4079 | D:4      | Noticed Grinder
  4086 | D:4      | Noticed a phantom
  4094 | D:4      | Reached skill level 4 in Fighting
  4104 | D:4      | Paralysed by Grinder for 5 turns
  4117 | D:4      | Paralysed by Grinder for 3 turns
  4127 | D:4      | Paralysed by Grinder for 5 turns
  4132 | D:4      | Killed Grinder
  4133 | D:4      | Reached XP level 7. HP: 18/60 MP: 6/6
  4160 | D:4      | HP: 3/60 [phantom (6)]
  4704 | D:5      | Entered Level 5 of the Dungeon
  4900 | D:5      | Got a shimmering flail
  4913 | D:5      | Identified the +7 flail of Dithmenos's Regard {vamp, rPois
                  | Dex+4 Stlth+} (You found it on level 5 of the Dungeon)
  4950 | D:5      | Reached skill level 5 in Fighting
  4978 | D:5      | Reached XP level 8. HP: 63/68 MP: 7/7
  5217 | D:5      | Reached skill level 5 in Maces & Flails
  5255 | D:5      | Found an ornate altar of the Wu Jian Council.
  5286 | D:5      | Reached skill level 5 in Dodging
  5552 | D:5      | Found a staircase to the Ecumenical Temple.
  5572 | Temple   | Entered the Ecumenical Temple
  5660 | Temple   | Became a worshipper of Warmaster Okawaru
  5751 | D:6      | Reached skill level 6 in Fighting
  5768 | D:6      | Noticed Maggie
  5769 | D:6      | Found a shimmering altar of Xom.
  5769 | D:6      | Found a shimmering altar of Xom.
  5770 | D:6      | Found a shimmering altar of Xom.
  5770 | D:6      | Found a shimmering altar of Xom.
  5770 | D:6      | Found a shimmering altar of Xom.
  6118 | D:6      | Killed Maggie
  6119 | D:6      | Reached skill level 1 in Invocations
  6119 | D:6      | Reached XP level 9. HP: 36/78 MP: 7/9
  6313 | D:6      | Found a shimmering altar of Xom.
  6323 | D:6      | Noticed Sigmund
  6331 | D:6      | Killed Sigmund
  6332 | D:6      | Reached skill level 5 in Armour
  6381 | D:6      | Got a warped buckler
  6417 | D:6      | Identified the +2 buckler of Unreason {rPois rC+} (You
                  | found it on level 6 of the Dungeon)
  6509 | D:6      | Reached * piety under Okawaru
  6917 | D:7      | Reached skill level 7 in Fighting
  7236 | D:7      | Reached ** piety under Okawaru
  7392 | D:7      | Found a runed translucent gate.
  7394 | D:7      | Found a runed translucent gate.
  7395 | D:7      | Found a runed translucent gate.
  7396 | D:7      | Noticed barnardine's ghost (amateur OgBe)
  7396 | D:7      | Noticed Borgoz's ghost (amateur GrGl)
  7822 | D:8      | Found Ibegeahe's Magic Scroll Boutique.
  7827 | D:8      | Bought a scroll of identify for 24 gold pieces
  7827 | D:8      | Bought a scroll of identify for 24 gold pieces
  7827 | D:8      | Bought a scroll of identify for 24 gold pieces
  8337 | D:9      | Found Zuzy's Antique Weapon Shop.
  8375 | D:9      | Found Nid Xoapp's Jewellery Shop.
  8382 | D:9      | Reached XP level 10. HP: 88/88 MP: 11/11
  8393 | D:9      | Found Uxueleer's Gadget Boutique.
  8485 | D:9      | Found a staircase to the Lair.
  8534 | D:9      | Reached skill level 8 in Fighting
  8730 | D:9      | Found Unwuosiz's Distillery.
  8747 | D:9      | Found Oblae's Book Emporium.
  9014 | D:10     | Entered Level 10 of the Dungeon
  9014 | D:10     | Noticed a gargoyle
  9031 | D:10     | Killed a gargoyle
  9052 | D:10     | Reached *** piety under Okawaru
  9736 | D:11     | Noticed a seven-headed hydra
  9754 | D:11     | Killed a seven-headed hydra
  9860 | D:11     | Reached **** piety under Okawaru
 10009 | D:11     | Noticed a brown ugly thing
 10023 | D:11     | Killed a brown ugly thing
 10024 | D:11     | Reached skill level 9 in Fighting
 10024 | D:11     | Reached XP level 11. HP: 97/97 MP: 13/13
 10034 | D:11     | Noticed a cyclops
 10046 | D:11     | Killed a cyclops
 10111 | D:11     | Noticed a manticore
 10122 | D:11     | Killed a manticore
 10122 | D:11     | Reached ***** piety under Okawaru
 10379 | D:11     | Noticed a boulder beetle
 10434 | D:11     | Killed a boulder beetle
 10610 | D:11     | Reached skill level 5 in Invocations
 10835 | D:11     | Reached skill level 10 in Fighting
 10835 | D:11     | Reached XP level 12. HP: 107/107 MP: 14/14
 10867 | D:11     | Received a gift from Okawaru
 11008 | D:11     | Identified a scroll of acquirement
 11009 | D:11     | Acquired a +4 great mace of protection
 11094 | D:12     | Noticed a centaur warrior
 11107 | D:12     | Killed a centaur warrior
 11337 | D:12     | Noticed Jorgrun
 11402 | D:12     | Killed from afar by Jorgrun

Illustrated notes

Levels and vault maps discovered:
D:1:      amcnicky_arrival_abandoned_market, layout_loops_ring, serial_forest,
          infiniplex_forest_clump_diagonal, infiniplex_forest_lined_4_way,
          infiniplex_forest_lined_2, infiniplex_forest_clump_diagonal,
          infiniplex_forest_end_double, infiniplex_forest_end_2,
          infiniplex_forest_end_2, infiniplex_forest_fountain,
          infiniplex_forest_end_1
D:2:      layout_basic, grunt_dithmenos_smoke_and_mirrors,
          ashenzari_conservatory_becter, grunt_temple_overflow_open
D:3:      layout_loops_ring, nicolae_ru_awakened_eye,
          chequers_ecumenical_altar_simple_redux,
          chequers_serial_rivers_micro_e, kennysheep_cross_bottleneck,
          uniq_ijyb, uniq_crazy_yiuf_cottage
D:4:      layout_loops_cross, gammafunk_temple_overflow_claw,
          eat_drink_and_be_merry_uskayaw, elyvilon_altar_3,
          kennysheep_generic_room_3, uniq_grinder
D:5:      layout_basic, pdpol_wu_jian_five_deadly_venoms,
          minmay_temple_entry_proselytizer, kennysheep_generic_room_15
D:6:      layout_loops_cross, xom_redecorated, uniq_sigmund, uniq_maggie
D:7:      layout_loops_ring, gammafunk_ghost_cemetery, nicolae_underground_beach
D:8:      layout_basic, serial_shops, shop
D:9:      layout_loops_ring, david_lair_shrubbed, serial_shops,
          nicolae_shop_stone, shop, nicolae_shop_stone,
          nicolae_shop_competitors_out_of_business, nicolae_shop_window_shopping
D:10:     layout_rooms
D:11:     layout_rooms, hive_lemuel
D:12:     layout_gridville, orc_0_dummy, uniq_jorgrun, uniq_maurice,
          uniq_nergalle
Temple:   zaba_magenta_temple

Skill      XL: |  1  2  3  4  5  6  7  8  9 10 11 |
---------------+----------------------------------+-----
Dodging        | 3 4 5 6 7 9 |  9.2
Maces & Flails | 3 4 5 6 7 9 |  9.2
Armour         | 1 2 3 4 5 7 8 |  8.7
Fighting       | 3 4 5 6 7 9 10 | 10.6
Invocations    | 1 3 4 5 |  5.0
Stealth        | 3 |  3.0
Evocations     | 2 |  2.2
Throwing       | |  1.7

Action                   |  1- 3 |  4- 6 |  7- 9 | 10-12 || total
-------------------------+-------+-------+-------+-------++-------
Melee: Flail             |   120 |   205 |   342 |   317 ||   984
Throw: Throwing net      |       |     2 |     1 |     1 ||     4
Evoke: Wand              |       |       |       |     1 ||     1
  Use: Scroll            |       |       |    11 |     7 ||    18
       Potion            |       |       |     3 |     5 ||     8
 Stab: Sleeping          |       |     2 |    11 |     5 ||    18
       Held in net/web   |       |     1 |       |       ||     1
Armor: Leather armour    |    32 |    63 |    72 |       ||   167
       Steam dragon scal |       |       |    48 |   122 ||   170
Dodge: Dodged            |    90 |   155 |   250 |   327 ||   822
Block: Buckler           |       |       |    36 |   116 ||   152
